 Dungeon Crawl Stone Soup version 0.31-a0-963-ga325b2283a (webtiles) character file.

Game seed: 7780142451748812984

164 Ge0ff the Caller (level 5, -1/40 HPs)
             Began as a Ghoul Summoner on Oct 24, 2023.
             Slain by a nameless horror (15 damage)
             ... created by miscasting Summon Lightning Spire
             ... on level 3 of the Dungeon.
             The game lasted 00:10:10 (5253 turns).

Ge0ff the Caller (Ghoul Summoner)                   Turns: 5253, Time: 00:10:10

Health: -1/40      AC:  5    Str: 18    XL:     5   Next: 45%
Magic:  0/8        EV: 12    Int: 12    God:
Gold:   194        SH:  0    Dex:  9    Spells: 0/10 levels left

rFire   . . .        a - +3 quarterstaff (chaos)
rCold   + . .        (shield currently unavailable)
rNeg    + + +        H - +0 robe
rPois   ∞            Q - +0 helmet
rElec   .            S - +0 cloak
rCorr   .            (no gloves)
SInv    .            U - +0 pair of boots
Will    .....        (no amulet)
Stlth   ++           X - +6 ring of strength
HPRegen 0.00/turn    P - ring of wizardry
MPRegen 0.11/turn

%: wizardry (x1)
@: very slightly contaminated, inhibited regen
A: claws 1, cold resistance 1, negative energy resistance 3, inhibited
regeneration, torment resistance 2, devour on kill
a: no special abilities


You were on level 3 of the Dungeon.
You visited 1 branch of the dungeon, and saw 4 of its levels.
You also visited: Sewer.

You collected 194 gold pieces.

Inventory:

Hand Weapons
 a - a +3 quarterstaff of chaos (weapon)
Missiles
 L - 35 stones
Armour
 F - a +0 kite shield
 H - a +0 robe (worn)
 J - a scarf of shadows
 Q - a +0 helmet (worn)
 S - a +0 cloak (worn)
 U - a +0 pair of boots (worn)
Jewellery
 E - a ring of flight
 G - a +6 ring of strength
 P - a ring of wizardry (right claw)
 R - a ring of protection from fire
 X - a +6 ring of strength (left claw)
 Y - a ring of protection from cold
Wands
 d - a wand of digging (4)
 f - a wand of flame (16)
Scrolls
 B - a scroll of blinking
 T - 3 scrolls of teleportation
 Z - a scroll of enchant armour {unknown}
Potions
 q - 5 potions of curing
 K - 2 potions of magic {!q}
 M - 3 potions of might
 V - a potion of lignification {unknown}
 W - 2 potions of heal wounds {!q}


   Skills:
 - Level 1.0 Fighting
 - Level 1.7 Dodging
 - Level 2.1 Stealth
 - Level 3.0 Spellcasting
 + Level 5.2 Summonings
 * Level 0.0 Air Magic


You couldn't memorise any spells.
You knew the following spells:

 Your Spells              Type           Power      Damage    Failure   Level
a - Summon Small Mammal   Summ           56%        N/A       1%          1
d - Call Canine Familiar  Summ           14%        N/A       3%          3
l - Summon Lightning Spi  Summ/Air       8%         N/A       32%         4
s - Call Imp              Summ           28%        N/A       1%          2

Your spell library contained the following spells:

 Spells                   Type           Power      Damage    Failure   Level
 Apportation              Tloc           2%         N/A       10%         1
 Kiss of Death            Conj/Necr      4%         2d5       10%         1
 Necrotise                Necr           4%         1d4       10%         1
 Summon Guardian Golem    Hex/Summ       8%         N/A       11%         3
 Ensorcelled Hibernation  Hex/Ice        2%         N/A       16%         2
 Jinxbite                 Hex            2%         N/A       16%         2
 Confusing Touch          Hex            1%         N/A       28%         3
 Anguish                  Hex/Necr       0%         N/A       65%         4
 Dispel Undead            Necr           1%         3d6       65%         4


Dungeon Overview and Level Annotations

Branches:
Dungeon (4/15) Zot: 19210   Sewer (visited)
 Temple: D:4-7

Altars:
Sif Muna

Shops:
D:1 (


Innate Abilities, Weirdness & Mutations

You are immune to poison.
You have sharp fingernails.
Your flesh is cold resistant. (rC+)
You are immune to negative energy. (rN+++)
You do not regenerate when monsters are visible.
You are immune to unholy pain and torment.
You thrive by killing the living.


Message History

The orc wizard shouts!
The orc wizard points at you and mumbles some strange words.
The magic dart hits you!
The orc wizard shouts!
The orc wizard casts a spell at you. The puff of flame hits you.
There is an open door here.
Casting: Call Canine Familiar (dangerous; 3% risk of failure)
Confirm with . or Enter, or press ? or * to list all spells.
You miscast Summon Lightning Spire.
You are very lightly contaminated with residual magic.
Something forms from out of thin air.
A nameless horror comes into view.
The nameless horror hits you but does no damage.
You close the door.
The nameless horror misses you.
Casting: Summon Lightning Spire (extremely dangerous; 32% risk of failure)
Confirm with . or Enter, or press ? or * to list all spells.
You miscast Call Canine Familiar.
Nothing appears to happen.
The nameless horror hits you.
You feel your power leaking away. The nameless horror barely misses you.
Aiming: Throw Flame
Press: ? - help, Shift-Dir - straight line, f - nameless horror
Aim: a nameless horror (durably summoned, 100% to hit)
The puff of flame hits the nameless horror.
The nameless horror is lightly damaged.
The nameless horror hits you!
Aiming: Throw Flame
Press: ? - help, Shift-Dir - straight line, f/p - nameless horror
Aim: a nameless horror (durably summoned, 100% to hit)
The puff of flame hits the nameless horror.
The nameless horror is lightly damaged.
The nameless horror closely misses you.
Aiming: Throw Flame
Press: ? - help, Shift-Dir - straight line, f/p - nameless horror
Aim: a nameless horror (lightly damaged, durably summoned, 100% to hit)
The puff of flame hits the nameless horror.
The nameless horror is moderately damaged.
The nameless horror barely misses you.
Aiming: Throw Flame
Press: ? - help, Shift-Dir - straight line, f/p - nameless horror
Aim: a nameless horror (moderately damaged, durably summoned, 100% to hit)
The puff of flame hits the nameless horror but does no damage.
The nameless horror is moderately damaged.
The nameless horror hits you.
You feel your power leaking away.
You hit the nameless horror. You burn the nameless horror.
The nameless horror is moderately damaged.
The nameless horror hits you!
You die...

#############.# ###
#...........#.# ..#
#.#########.#.## #.####### #.#
#....## ........# #### #......
#.#####.# ##..###### #....## #.#
#.### ###..8#..≈o# ###..# #.#
#.#.###...X.+..≈o# #..## †.#
#.......#.@8#..≈.# #...[ ###
###.######..###### ##'### #.#
###### ##...## ### #.# #.#
##..)..# # ##.###)# ##.##
##..<....
####...##.########...####........
+.....<.................'........
####....#.########...####........
# #......# #....## ##.......


You could see a nameless horror.

Vanquished Creatures
  Crazy Yiuf (D:2)
  3 adders
  A worm (D:2)
  An orc (D:3)
  3 endoplasms
  5 giant cockroaches
  2 hobgoblins
  5 quokkas (D:4)
  A ball python (Sewer)
  7 frilled lizards
  A goblin (D:2)
  4 kobolds
  4 rats
38 creatures vanquished.

Vanquished Creatures (collateral kills)
  3 adders
  5 orcs
  3 ball pythons
  3 bats
  3 giant cockroaches
  6 hobgoblins
  4 frilled lizards
  5 kobolds
  3 rats
35 creatures vanquished.

Grand Total: 73 creatures vanquished

Notes
Turn   | Place    | Note
-------+----------+-------------------------------------------
     0 | D:1      | Ge0ff the Ghoul Summoner began the quest for the Orb.
     0 | D:1      | Reached XP level 1. HP: 14/14 MP: 2/2
   359 | D:1      | Reached XP level 2. HP: 22/22 MP: 0/4
   402 | D:1      | Learned a level 2 spell: Call Imp
   432 | D:1      | Found Vyttotog's Antique Weapon Emporium.
   457 | D:1      | You fall into a shaft and drop 1 floor!
   501 | D:2      | Reached skill level 1 in Fighting
   501 | D:2      | Reached skill level 4 in Summonings
   612 | D:2      | Reached XP level 3. HP: 12/28 MP: 0/5
   747 | D:2      | Learned a level 3 spell: Call Canine Familiar
   832 | D:2      | Found a runed translucent door.
   833 | D:2      | Noticed Crazy Yiuf
  1021 | D:2      | Killed Crazy Yiuf
  1180 | D:1      | Reached XP level 4. HP: 35/35 MP: 6/6
  2217 | D:3      | Identified the of Veuri
  2217 | D:3      | Identified the of Gufailuh
  2873 | D:3      | Found a shimmering blue altar of Sif Muna.
  3735 | D:4      | Found a glowing drain.
  3774 | Sewer    | Entered a sewer
  3815 | Sewer    | Reached XP level 5. HP: 22/40 MP: 6/8
  3941 | Sewer    | Reached skill level 5 in Summonings
  4491 | D:4      | Learned a level 4 spell: Summon Lightning Spire
  5244 | D:3      | Noticed a nameless horror
  5253 | D:3      | Slain by a nameless horror

Illustrated notes

Levels and vault maps discovered:
D:1:      matt_arrival_diagonals, layout_basic, serial_shops,
          nicolae_shop_real_fake_doors
D:2:      layout_loops_ring, minmay_box_of_dots, uniq_crazy_yiuf_cottage
D:3:      layout_loops_corners, led_sif_book
D:4:      layout_basic, gup_sewer_entry_pipe

Skill      XL: |  1  2  3  4  5 |
---------------+----------------+-----
Spellcasting   | 2 3 |  3.0
Fighting       | 1 |  1.0
Summonings     | 4 5 |  5.2
Dodging        | |  1.7
Stealth        | |  2.1

Action                     |  1- 3 |  4- 6 || total
---------------------------+-------+-------++-------
  Melee: Unarmed           |    32 |       ||    32
         Quarterstaff      |     2 |    61 ||    63
   Cast: Summon Small Mamm |    19 |       ||    19
         Call Imp          |     9 |    11 ||    20
         Call Canine Famil |     3 |    20 ||    23
  Evoke: Wand              |       |     4 ||     4
    Use: Scroll            |       |    10 ||    10
   Stab: Sleeping          |     2 |     2 ||     4
         Distracted        |       |     1 ||     1
 Armour: Robe              |    31 |    61 ||    92
  Dodge: Dodged            |    31 |    47 ||    78

Table legend: (Time is in decaauts)
 A = Elapsed time spent in this place.
 B = Non-inter-level travel time spent in this place.
 C = Inter-level travel time spent in this place.
 D = Time resting spent in this place.
 E = Time spent auto-exploring this place.
 F = Levels seen in this place.
 G = Mean time per level.
                   A        B        C        D        E       F      G
               +--------+--------+--------+--------+--------+-----+--------+
         Total |   5329 |   5084 |    245 |    207 |   3601 |   5 | 1065.8 |
       Dungeon |   4788 |   4543 |    245 |    207 |   3243 |   4 | 1197.0 |
         Sewer |    540 |    540 |      0 |      0 |    358 |   1 |  540.0 |
               +--------+--------+--------+--------+--------+-----+--------+

Top non-repeatable levels by time:
     D:3: 1490 daAuts
     D:2: 1315 daAuts
     D:4: 1079 daAuts
     D:1: 903 daAuts
   Sewer: 540 daAuts
